 Dungeon Crawl Stone Soup version 0.21.1-1-g345015fe64 (webtiles) character file.

474 Oravi the Changer (level 7, -1/48 HPs)
             Began as a Merfolk Transmuter on Apr 30, 2018.
             Slain by an iguana (5 damage)
             ... on level 4 of the Dungeon.
             The game lasted 00:20:21 (4290 turns).

Oravi the Changer (Merfolk Transmuter)              Turns: 4290, Time: 00:20:21

Health: -1/48      AC:  2    Str: 10    XL:     7   Next: 10%
Magic:  4/10       EV: 21    Int: 15    God:
Gold:   149        SH:  0    Dex: 19    Spells: 4/10 levels left

rFire    + . .     SeeInvis .     - Unarmed
rCold    + . .     Gourm    .   (shield currently unavailable)
rNeg     . . .     Faith    .   (armour currently unavailable)
rPois    .         Spirit   .   (helmet currently unavailable)
rElec    +         Reflect  .   (cloak currently unavailable)
rCorr    +         Harm     .   (gloves currently unavailable)
MR       .....                  (boots currently unavailable)
Stlth    ++........             (no amulet)
HPRegen  0.16/turn              p - ring of flight
MPRegen  0.12/turn              (no ring)

@: spider-form, resistant, very slightly contaminated
A: tiny, (change form in water), (swift swim), (stealthy swim)
a: End Transformation, Evoke Flight


You were on level 4 of the Dungeon.
You were not hungry.
You were a venomous arachnid creature.
You visited 1 branch of the dungeon, and saw 4 of its levels.

You collected 149 gold pieces.

Inventory:

Missiles
 a - 66 arrows
 g - 90 stones (quivered)
Armour
 b - a +0 robe
 o - a cursed +0 robe (melded)
Jewellery
 f - an uncursed amulet of faith
 l - a cursed ring of teleportation {unknown}
 p - a ring of flight (left front leg)
Wands
 k - a wand of iceblast (6)
Scrolls
 e - 3 scrolls of remove curse
 h - 2 scrolls of teleportation
 m - 3 scrolls of identify
Potions
 i - 2 potions of agility
 j - a potion of lignification
 n - a potion of flight
 q - a potion of magic
Books
 c - a book of Changes

   Spells                             Type                      Level
   a - Beastly Appendage              Transmutation                1
   b - Sticks to Snakes               Transmutation                2
   c - Spider Form                    Transmutation/Poison         3
   d - Ice Form                       Ice/Transmutation            4
   e - Blade Hands                    Transmutation                5
Comestibles
 d - 2 rations
 r - 8 chunks of flesh


   Skills:
 - Level 1.1 Fighting
 - Level 2.6 Dodging
 + Level 6.0 Unarmed Combat
 - Level 2.0 Spellcasting
 + Level 6.5 Transmutations
 - Level 3.0 Poison Magic


You had 4 spell levels left.
You knew the following spells:

 Your Spells              Type           Power        Failure   Level  Hunger
a - Beastly Appendage     Tmut           ###...       7%          1    #......
b - Sticks to Snakes      Tmut           ###.....     9%          2    ###....
c - Spider Form           Tmut/Pois      ###.......   24%         3    ###....


Dungeon Overview and Level Annotations

Branches:
Dungeon (4/15)
 Temple: D:4-7

Altars:
Nemelex Xobeh

Annotations:
D:3 Grinder, Sigmund


Message History

You feel less wooden.
Your cursed +0 robe unmelds from your body.
The iguana barely misses you.
You hit the iguana but do no damage.
The iguana is severely wounded.
Casting: Spider Form
Confirm with . or Enter, or press ? or * to list all spells.
You miscast Spider Form.
You are very lightly contaminated with residual magic.
Nothing appears to happen.
The iguana misses you.
Casting: Spider Form
Confirm with . or Enter, or press ? or * to list all spells.
You turn into a venomous arachnid creature.
Your cursed +0 robe melds into your body.
The iguana bites you!
* * * LOW HITPOINT WARNING * * *
You hit the iguana but do no damage.
The iguana is severely wounded.
The iguana bites you.
You die...

........ ...#...###
#.##..g.. #.##...#
#.# #..# #.# #..#
#.###..# #.)##..#
#s#.)..# #l(###.#
#.)# .# #..# ..
######.)####.#
#######......)))...#
.............)#)...#
#
######.#####.#.#..#
.# #.# #.#.#..####
.#


You could see an iguana.

Vanquished Creatures
  Duvessa (D:4)
  Dowan (D:4)
  2 orc priests (D:4)
  An iguana (D:3)
  A worker ant (D:4)
  Ijyb (D:3)
  Robin (D:4)
  7 adders
  An ooze (D:3)
  4 dart slugs
  2 leopard geckos (D:1)
  3 orcs
  2 giant cockroaches
  18 goblins
  9 hobgoblins
  8 jackals
  3 quokkas
  A ball python (D:1)
  11 bats
  6 frilled lizards
  8 kobolds
  5 rats
96 creatures vanquished.

Notes
Turn   | Place    | Note
-------+----------+-------------------------------------------
     0 | D:1      | Oravi the Merfolk Transmuter began the quest for the Orb.
     0 | D:1      | Reached XP level 1. HP: 15/15 MP: 3/3
   203 | D:1      | Reached XP level 2. HP: 18/21 MP: 3/5
   641 | D:1      | Reached XP level 3. HP: 24/26 MP: 2/6
   893 | D:1      | Learned a level 2 spell: Sticks to Snakes
   897 | D:1      | Learned a level 3 spell: Spider Form
  1119 | D:2      | Reached skill level 1 in Poison Magic
  1119 | D:2      | Reached XP level 4. HP: 25/32 MP: 3/7
  1766 | D:3      | Noticed Sigmund
  1927 | D:3      | Noticed Grinder
  2007 | D:3      | Paralysed by Grinder for 3 turns
  2263 | D:3      | Paralysed by Grinder for 5 turns
  2524 | D:3      | Reached XP level 5. HP: 37/37 MP: 4/8
  2732 | D:3      | Noticed Ijyb
  2741 | D:3      | Killed Ijyb
  2741 | D:3      | Reached skill level 5 in Transmutations
  3324 | D:3      | Reached skill level 5 in Unarmed Combat
  3329 | D:3      | Found a sparkling altar of Nemelex Xobeh.
  3796 | D:4      | Reached XP level 6. HP: 23/43 MP: 6/9
  4082 | D:4      | Noticed Dowan
  4097 | D:4      | Killed Dowan
  4153 | D:4      | Noticed Robin
  4176 | D:4      | Killed Robin
  4240 | D:4      | Noticed Duvessa
  4256 | D:4      | Killed Duvessa
  4256 | D:4      | Reached XP level 7. HP: 12/48 MP: 10/10
  4290 | D:4      | Slain by an iguana

Skill      XL: |  1  2  3  4  5  6 |
---------------+-------------------+-----
Transmutations | 3 4 5 6 |  6.5
Unarmed Combat | 4 5 6 |  6.0
Poison Magic   | 1 2 3 |  3.0
Fighting       | |  1.1
Dodging        | |  2.6
Spellcasting   | |  2.0

Action                   |  1- 3 |  4- 6 |  7- 9 || total
-------------------------+-------+-------+-------++-------
Melee: Unarmed           |    79 |   177 |     3 ||   259
       Headbutt          |     8 |       |       ||     8
       Punch             |     1 |       |       ||     1
Throw: Stone             |    73 |     4 |       ||    77
 Cast: Beastly Appendage |    14 |     3 |       ||    17
       Spider Form       |     3 |    33 |     1 ||    37
       Sticks to Snakes  |       |    10 |       ||    10
  Use: Scroll            |       |     8 |       ||     8
       Potion            |       |     4 |       ||     4
 Stab: Sleeping          |       |     2 |       ||     2
  Eat: Chunk             |     1 |    13 |       ||    14
       Ration            |       |     1 |       ||     1
Armor: Robe              |    21 |     6 |       ||    27
       Skin              |     1 |    15 |       ||    16
Dodge: Dodged            |   102 |   141 |     2 ||   245
